[Event "*** SCC Grand Prix: Titled Tuesday Blitz"]
[Site "Chess.com"]
[Date "2020.07.07"]
[Round "7"]
[White "vinniethepooh"]
[Black "praveenb2002"]
[Result "0-1"]
[WhiteElo "2550"]
[BlackElo "2704"]
[TimeControl "180+1"]
[EndTime "11:17:48 PDT"]
[Termination "praveenb2002 won by resignation"]

1. d4 Nf6 2. c4 e6 3. Nc3 Bb4 4. f3 c5 5. d5 b5 6. e4 d6 7.
Bd3 O-O 8. Ne2 Qb6 9. O-O exd5 10. Nxd5 Nxd5 11. exd5 bxc4 12. Bxc4 Nd7 13. Bf4 Re8 14. Qc2 Ba6 15. Ng3 Bxc4 16. Qxc4 Ne5 17. Bxe5 Rxe5 18.
f4 Re3 19. Nf5 Ree8 20. Kh1 Ba5 21. b3 Qd8 22. Rf3 Qf6 23. Raf1 Qxf5 24. Qb5 Bb4 25. Rg3 h6 26. h3 Re1 27. Rxe1 Bxe1 28.
Re3 Bd2 29. Re2 Qb1+ 30. Kh2 Bxf4+ 31. g3 Be5 32. Qc6 Rf8 0-1

[Event "*** SCC Grand Prix: Titled Tuesday Blitz"]
[Site "Chess.com"]
[Date "2020.07.07"]
[Round "7"]
[White "VerdeNotte"]
[Black "ehrenfeld"]
[Result "1-0"]
[WhiteElo "2768"]
[BlackElo "2523"]
[TimeControl "180+1"]
[EndTime "11:17:48 PDT"]
[Termination "VerdeNotte won on time"]

1. g3 e5 2. Bg2 d5 3. d4 e4 4. c4 c6 5. Nc3 h6 6. Nh3 Nf6 7. Bf4 Bd6 8. Be5 dxc4 9. O-O Bxe5 10. dxe5 Qxd1 11. Rfxd1 Ng4 12. Nxe4 Nxe5 13. Nd6+ Ke7 14. f4 Ng4 15. Nxc8+ Rxc8 16. Rd4 Nd7 17. Rxc4 Nb6 18.
Re4+ Kf8 19. Nf2 Nf6 20. Rd4 Rd8 21. Rad1 Rxd4 22. Rxd4 Ke7 23. e4 Rd8 24. Rxd8 Kxd8 25. Nd3 Nfd7 26. Kf2 Ke7 27. Ke3 f6 28. Kd4 Kd6 29. b4 Na4 30. e5+ fxe5+ 31. fxe5+ Ke7 32. Bh3 Nab6 33. Bf5 Nd5 34. b5 Nc7 35. bxc6 bxc6 36. Bxd7 Kxd7 37. Nc5+ Ke7 38. a4 g5 39. g4 Nd5 40. Nb7 Nf4 41. Ke4 Kd7 42. Kf5 1-0

[Event "*** SCC Grand Prix: Titled Tuesday Blitz"]
[Site "Chess.com"]
[Date "2020.07.07"]
[Round "7"]
[White "DarkAlekhine"]
[Black "Oligan22"]
[Result "1-0"]
[WhiteElo "2638"]
[BlackElo "2480"]
[TimeControl "180+1"]
[EndTime "11:17:49 PDT"]
[Termination "DarkAlekhine won by resignation"]

1. e4 c5 2. Nf3 e6 3. d4 cxd4 4. Nxd4 Nc6 5. Nc3 Qc7 6. Be3 a6 7. Qd2 Nf6 8. f4 Bb4 9. Bd3 Na5 10. a3 Bxc3 11. Qxc3 Qxc3+ 12. bxc3 d5 13. exd5 Nxd5 14. Bd2 Nb6 15. Nb3 Nac4 16. a4 Nxd2 17.
Kxd2 Bd7 18. a5 Nd5 19. g3 Bc6 20. Nd4 Rc8 21. Rhb1 Kd7 22. Nxc6 Kxc6 23. c4 Nf6 24. Rb6+ Kc7 25. Rab1 Rb8 26. Ke3 Rhd8 27. Be2 Nd7 28. R6b4 Nc5 29. Bf3 f6 30. h4 e5 31. fxe5 fxe5 32. Bd5 Rf8 33. Rb6 e4 34. Kd4 Nd7 35.
Rxb7+ Rxb7 36. Rxb7+ Kd6 37. c5+ 1-0

[Event "*** SCC Grand Prix: Titled Tuesday Blitz"]
[Site "Chess.com"]
[Date "2020.07.07"]
[Round "7"]
[White "vitnik2020"]
[Black "vanImpe"]
[Result "0-1"]
[WhiteElo "2277"]
[BlackElo "2453"]
[TimeControl "180+1"]
[EndTime "11:17:51 PDT"]
[Termination "vanImpe won by resignation"]

1. d4 g6 2. e4 Bg7 3. h4 h5 4. Nc3 c5 5. dxc5 Bxc3+ 6. bxc3 Qa5 7. Qd4 Nf6 8. Qb4 Nc6 9. Qxa5 Nxa5 10. Bd3 O-O 11.
Nf3 b6 12. cxb6 axb6 13. Bg5 Kg7 14. e5 Nd5 15. c4 f6 16. cxd5 fxg5 17. hxg5 Bb7 18.
c4 Nb3 19. Rb1 Nc5 20. Be2 Rxa2 21. Rxb6 Ra1+ 22. Bd1 Ba6 23. Nd2 Nd3+ 24. Ke2 Nxe5 25. Rh4 d6 26. Nb3 Ra2+ 27. Ke1 Bxc4 28. Nd4 Bxd5 29.
f4 Nd3+ 0-1

[Event "*** SCC Grand Prix: Titled Tuesday Blitz"]
[Site "Chess.com"]
[Date "2020.07.07"]
[Round "7"]
[White "szachuspl"]
[Black "temus_galaktionov"]
[Result "0-1"]
[WhiteElo "2500"]
[BlackElo "2666"]
[TimeControl "180+1"]
[EndTime "11:17:55 PDT"]
[Termination "temus_galaktionov won by checkmate"]

1. d4 c6 2. c4 g6 3. Nc3 d6 4. Nf3 Nd7 5. e4 Bg7 6. Be2 e5 7. Be3 Qe7 8. O-O Ngf6 9. d5 c5 10. Nd2 O-O 11. a3 Ne8 12. b4 b6 13. Nb3 f5 14. bxc5 Nxc5 15. Nxc5 bxc5 16. Rb1 f4 17.
Bd2 h5 18. Kh1 Nf6 19. Rb3 Qf7 20. f3 g5 21. Be1 Qg6 22. Nb5 Ne8 23. Qb1 g4 24.
fxg4 hxg4 25. Nc3 Nf6 26. g3 Nh5 27. Bd3 Bd7 28. Rb7 Rf7 29. Rg1 Raf8 30. Qc2 fxg3 31. hxg3 Bh6 32. Kg2 Be3 33. Rf1 Qh6 34. Rxd7 Nf4+ 35.
Rxf4 Qh3# 0-1

[Event "*** SCC Grand Prix: Titled Tuesday Blitz"]
[Site "Chess.com"]
[Date "2020.07.07"]
[Round "7"]
[White "Sacbutt"]
[Black "Chesswizard_2007"]
[Result "0-1"]
[WhiteElo "2311"]
[BlackElo "2459"]
[TimeControl "180+1"]
[EndTime "11:17:56 PDT"]
[Termination "Chesswizard_2007 won by resignation"]

1. d4 Nf6 2. c4 e6 3. Nf3 b6 4. g3 Ba6 5. b3 Bb4+ 6. Bd2 Be7 7. Bg2 c6 8. O-O d5 9. Qc2 O-O 10. cxd5 cxd5 11. Bg5 Nbd7 12. Re1 Rc8 13. Qb2 h6 14. Bf4 g5 15. Be5 Nxe5 16. Nxe5 Nd7 17. Nxd7 Qxd7 18.
Nc3 Bf6 19. e3 Rc7 20. Rac1 Rfc8 21. Nb1 Bd3 22. Bf1 Rc2 23. Rxc2 Rxc2 24. Qa3 Be7 25. Qa4 Qxa4 26. bxa4 Bg6 27. a3 g4 28. a5 bxa5 29. a4 Bb4 30. Rd1 Rb2 0-1

[Event "*** SCC Grand Prix: Titled Tuesday Blitz"]
[Site "Chess.com"]
[Date "2020.07.07"]
[Round "7"]
[White "wonderfultime"]
[Black "Alopekos"]
[Result "1-0"]
[WhiteElo "2980"]
[BlackElo "2381"]
[TimeControl "180+1"]
[EndTime "11:17:57 PDT"]
[Termination "wonderfultime won by resignation"]

1. d4 Nf6 2. Nf3 e6 3. c4 d5 4.
Nc3 c6 5. Bg5 dxc4 6. a4 Bb4 7.
e4 h6 8. Bxf6 Qxf6 9. Bxc4 c5 10. O-O cxd4 11. Nb5 Qe7 12. Qxd4 O-O 13. Rfd1 Nc6 14.
Qe3 Bc5 15. Qf4 a6 16. Nd6 e5 17. Nxc8 Raxc8 18. Qg4 Bxf2+ 19. Kh1 Nd4 20. Bd5 Nxf3 21.
Qxf3 Bd4 22. Rf1 Rc2 23. Rab1 Rxb2 24. Rxb2 Bxb2 25. Rb1 Rc8 26. h3 Rc1+ 27. Rxc1 Bxc1 28. Qc3 Ba3 29. Qc8+ Kh7 30. Bxb7 a5 31. Bd5 Bb4 32. Qf5+ Kg8 33. g3 Bd2 34. h4 Bb4 35. Kg2 Bc3 36.
Qc8+ Kh7 37. Qxc3 Qf6 38. Qf3 1-0

[Event "*** SCC Grand Prix: Titled Tuesday Blitz"]
[Site "Chess.com"]
[Date "2020.07.07"]
[Round "7"]
[White "Ze-Pequeno"]
[Black "ferdipy"]
[Result "0-1"]
[WhiteElo "2230"]
[BlackElo "2374"]
[TimeControl "180+1"]
[EndTime "11:17:58 PDT"]
[Termination "ferdipy won by resignation"]

1. e4 e6 2. d4 d5 3. Nc3 Bb4 4. e5 c5 5. a3 Bxc3+ 6. bxc3 Ne7 7. h4 Qa5 8. Bd2 c4 9. h5 h6 10. a4 Bd7 11. Nh3 Bxa4 12. Nf4 Nbc6 13. Qc1 O-O 14. Be2 f6 15. Nxe6 fxe5 16. Nxf8 Rxf8 17. dxe5 b5 18. Bf3 Nxe5 19. Be2 Qc7 20. O-O a5 21. Be3 Nd7 22.
Qd2 Nf6 23. Bd4 Ne4 24. Qe3 Nc6 25. Rac1 b4 26. cxb4 Nxb4 27. f3 Ng3 28. Rf2 Re8 29.
Qd2 c3 30. Qd1 Qf4 31. Bxc3 Nxe2+ 32. Rxe2 Rxe2 33. Qxe2 Qxc1+ 34. Kf2 Qxc2 0-1

[Event "*** SCC Grand Prix: Titled Tuesday Blitz"]
[Site "Chess.com"]
[Date "2020.07.07"]
[Round "7"]
[White "skslaviaorlova"]
[Black "mfwagnerpeixoto"]
[Result "0-1"]
[WhiteElo "2038"]
[BlackElo "2217"]
[TimeControl "180+1"]
[EndTime "11:17:58 PDT"]
[Termination "mfwagnerpeixoto won on time"]

1. e4 c5 2. c3 e6 3. d4 d5 4. e5 Nc6 5. a3 Nh6 6. b4 cxd4 7. cxd4 Nf5 8. Nf3 Qb6 9. Be3 Nxe3 10. fxe3 Bd7 11.
Nc3 Nxb4 12. axb4 Bxb4 13. Rc1 Rc8 14. Qd3 Qa5 15. Kd2 O-O 16. Be2 Rc7 17. Rc2 Ba4 18. Ng5 Bxc2 19. Qxc2 Bxc3+ 20. Kd3 Bxd4 0-1

[Event "*** SCC Grand Prix: Titled Tuesday Blitz"]
[Site "Chess.com"]
[Date "2020.07.07"]
[Round "7"]
[White "ExtremeLearner"]
[Black "aNaartjieZA"]
[Result "0-1"]
[WhiteElo "2328"]
[BlackElo "2535"]
[TimeControl "180+1"]
[EndTime "11:17:59 PDT"]
[Termination "aNaartjieZA won by resignation"]

1. d4 Nf6 2. Bf4 c5 3. e3 g6 4. Nc3 Bg7 5. Nf3 b6 6. Be2 Bb7 7. O-O O-O 8. a4 d6 9. Bg3 a6 10. Nd2 Nbd7 11. Bf3 Qc7 12. Re1 Rac8 13. Bxb7 Qxb7 14.
Qf3 Qxf3 15. Nxf3 d5 16. Rad1 e6 17. Ne5 cxd4 18. exd4 Nxe5 19. Bxe5 Rc6 20. Re3 Rfc8 21. h3 Ne8 22. Bxg7 Kxg7 23. Rdd3 Nd6 24. Rf3 Nc4 25.
Nd1 e5 26. Rg3 e4 27. Rb3 f5 28. c3 Kf6 29. f4 exf3 30. Rxf3 Nd2 31. Rb4 Nxf3+ 32.
gxf3 Re8 33. Kf2 f4 34. b3 Rce6 35. a5 Re2+ 36. Kf1 Re1+ 37. Kg2 Rxd1 38. Rxb6+ Re6 39.
c4 dxc4 40. bxc4 Rd2+ 41. Kf1 Rxd4 0-1

[Event "*** SCC Grand Prix: Titled Tuesday Blitz"]
[Site "Chess.com"]
[Date "2020.07.07"]
[Round "7"]
[White "PSvidler"]
[Black "XDPS"]
[Result "1/2-1/2"]
[WhiteElo "2983"]
[BlackElo "2728"]
[TimeControl "180+1"]
[EndTime "11:18:00 PDT"]
[Termination "Game drawn by repetition"]

1. e4 e5 2. Nf3 Nc6 3. Bb5 a6 4. Ba4 d6 5. c3 Bd7 6. d4 g6 7.
O-O Bg7 8. dxe5 Nxe5 9. Nxe5 dxe5 10. f4 Bb5 11. Bxb5+ axb5 12. Qb3 c6 13. fxe5 Qe7 14.
Nd2 Nh6 15. Nf3 Ng4 16. Bg5 Qc5+ 17. Kh1 O-O 18. e6 Nf2+ 19. Rxf2 Qxf2 20. Be7 fxe6 21. Bxf8 Rxf8 22. Rg1 Rxf3 23. gxf3 Qxf3+ 24. Rg2 Qf1+ 25. Rg1 Qf3+ 26. Rg2 Qf1+ 27. Rg1 Qf3+ 1/2-1/2

[Event "*** SCC Grand Prix: Titled Tuesday Blitz"]
[Site "Chess.com"]
[Date "2020.07.07"]
[Round "7"]
[White "gagtemp"]
[Black "Tekushka"]
[Result "0-1"]
[WhiteElo "1909"]
[BlackElo "2364"]
[TimeControl "180+1"]
[EndTime "11:18:00 PDT"]
[Termination "Tekushka won by resignation"]

1. e4 c5 2. Nf3 Nc6 3. d4 cxd4 4. Nxd4 e6 5. Nc3 d6 6. Be3 Nf6 7. Be2 Be7 8. O-O O-O 9. Kh1 Bd7 10. f4 Nxd4 11.
Bxd4 Bc6 12. e5 dxe5 13. fxe5 Nd7 14. Bd3 Bc5 15. Bxc5 Nxc5 16. Qe2 Qg5 17. Rad1 Rad8 18. Rf2 Rd7 19. Rdf1 Rfd8 20. Ne4 Qxe5 21. Nxc5 Qxc5 22. Qg4 g6 23. h4 Rd4 24. Qg3 Qh5 25. Rxf7 Rxh4+ 26. Kg1 Rh1+ 27. Kf2 Rxf1+ 28. Kxf1 Kxf7 29. Qc7+ Rd7 30. Qf4+ Kg7 0-1

[Event "*** SCC Grand Prix: Titled Tuesday Blitz"]
[Site "Chess.com"]
[Date "2020.07.07"]
[Round "7"]
[White "SamuelGhimpu2003"]
[Black "Rish_97"]
[Result "0-1"]
[WhiteElo "2515"]
[BlackElo "2666"]
[TimeControl "180+1"]
[EndTime "11:18:02 PDT"]
[Termination "Rish_97 won by resignation"]

1. d4 Nf6 2. c4 e6 3. Nc3 Bb4 4. Qc2 d5 5. cxd5 exd5 6. Bf4 c5 7. dxc5 Nc6 8. e3 O-O 9. Nf3 d4 10. Rd1 Bxc5 11. Be2 Qb6 12. exd4 Nxd4 13. Nxd4 Bxd4 14.
O-O Bd7 15. Na4 Bxa4 16. Qxa4 Rfd8 17. b3 Ne4 18. Bg3 Nc3 19. Qc4 Rac8 20. Rxd4 Qxd4 0-1

[Event "*** SCC Grand Prix: Titled Tuesday Blitz"]
[Site "Chess.com"]
[Date "2020.07.07"]
[Round "7"]
[White "GGfrances"]
[Black "Vesper2018"]
[Result "1-0"]
[WhiteElo "2359"]
[BlackElo "2545"]
[TimeControl "180+1"]
[EndTime "11:18:03 PDT"]
[Termination "GGfrances won by resignation"]

1. e4 c5 2. Nf3 d6 3. d4 cxd4 4. Nxd4 Nf6 5. Nc3 a6 6. Bg5 Nbd7 7. f4 Qc7 8. Qf3 h6 9. Bh4 g5 10. fxg5 hxg5 11. Bxg5 Qc5 12. Be3 Ne5 13. Qe2 Neg4 14. Nf5 Qb4 15. Rb1 Bxf5 16. exf5 Nxe3 17. Qxe3 Bh6 18.
Qf3 Rc8 19. a3 Qa5 20. Bd3 Qe5+ 21. Qe2 Qd4 22. Qf3 Be3 23. Qxb7 Rxc3 24. bxc3 Qxc3+ 25. Kf1 Kf8 26. Qf3 Bc5 27. Bxa6 Rh4 28. Rb8+ Kg7 29. Qxc3 1-0

[Event "*** SCC Grand Prix: Titled Tuesday Blitz"]
[Site "Chess.com"]
[Date "2020.07.07"]
[Round "7"]
[White "grandcoach"]
[Black "fabianvivasz"]
[Result "1-0"]
[WhiteElo "2119"]
[BlackElo "2235"]
[TimeControl "180+1"]
[EndTime "11:18:04 PDT"]
[Termination "grandcoach won on time"]

1. e4 e5 2. Nf3 Nc6 3. d4 exd4 4. c3 d5 5. exd5 Qxd5 6. cxd4 Bg4 7. Be2 Bb4+ 8. Nc3 Bxf3 9. Bxf3 Qc4 10. Qb3 Qxb3 11.
axb3 Nxd4 12. Bxb7 Nc2+ 13. Ke2 Nxa1 14. Bc6+ Kf8 15.
Bxa8 Nxb3 16. Be3 Nf6 17. Rd1 Ke7 18. Bc6 a5 19. Nd5+ Nxd5 20. Rxd5 Rd8 21. Rh5 h6 22. Ba4 Nd4+ 23. Bxd4 Rxd4 24. Re5+ 1-0

[Event "*** SCC Grand Prix: Titled Tuesday Blitz"]
[Site "Chess.com"]
[Date "2020.07.07"]
[Round "7"]
[White "FMJoseHerrera"]
[Black "stolencandy13"]
[Result "1-0"]
[WhiteElo "2495"]
[BlackElo "2366"]
[TimeControl "180+1"]
[EndTime "11:18:06 PDT"]
[Termination "FMJoseHerrera won by resignation"]

1. Nf3 f5 2. g3 Nf6 3. d3 e6 4. Nc3 Be7 5. e4 O-O 6. exf5 exf5 7. Bg2 d6 8. O-O Kh8 9. Re1 Nc6 10. d4 a5 11. d5 Nb8 12. Nd4 Na6 13. Nce2 Nc5 14. Nf4 Nfe4 15. c3 Bf6 16. Qh5 Qe8 17. Qxe8 Rxe8 18. f3 g5 19. Nh5 Nd3 20. fxe4 Bxd4+ 21. Be3 Bxe3+ 22. Rxe3 Nxb2 23. Bf1 Bd7 24. Nf6 Re7 25.
Nxd7 Rxd7 26. Rb1 f4 27. Ree1 Na4 28. Bb5 Nxc3 29. Bxd7 Nxb1 30. Rxb1 b6 31. Rc1 Ra7 32. a4 Kg7 33. Kf2 Kf6 34. Kf3 fxg3 35. hxg3 Ke7 36. Bc6 Kf6 37. Kg4 Kg6 38. Be8+ Kg7 39. Kxg5 h6+ 40.
Kf5 1-0

[Event "*** SCC Grand Prix: Titled Tuesday Blitz"]
[Site "Chess.com"]
[Date "2020.07.07"]
[Round "7"]
[White "ErikRonka"]
[Black "FMVolodymyrSakun"]
[Result "1-0"]
[WhiteElo "2399"]
[BlackElo "2501"]
[TimeControl "180+1"]
[EndTime "11:18:07 PDT"]
[Termination "ErikRonka won by resignation"]

1. e4 c5 2. Nf3 g6 3. d4 cxd4 4. Nxd4 Bg7 5. Nc3 Nc6 6. Be3 Nf6 7. Bc4 Qa5 8. O-O O-O 9. Bb3 d6 10. h3 Bd7 11. Re1 Rfc8 12. Nd5 Nxd5 13. exd5 Ne5 14.
Bg5 Nc4 15. Bxc4 Rxc4 16. Nb3 Qc7 17. Rxe7 Bxb2 18. Qf3 Rf8 19. Rd1 Rxc2 20. Bh6 Bg7 21. Bxg7 Kxg7 22. Nd4 Rc3 23. Rxd7 Rxf3 24. Rxc7 Kf6 25.
Nxf3 1-0

[Event "*** SCC Grand Prix: Titled Tuesday Blitz"]
[Site "Chess.com"]
[Date "2020.07.07"]
[Round "7"]
[White "GMNickPert"]
[Black "bugsbunny444"]
[Result "1-0"]
[WhiteElo "2646"]
[BlackElo "2488"]
[TimeControl "180+1"]
[EndTime "11:18:09 PDT"]
[Termination "GMNickPert won on time"]

1. d4 e6 2. c4 b6 3. e4 Bb7 4. Bd3 Bb4+ 5. Bd2 Bxd2+ 6. Qxd2 f5 7.
Nc3 Nf6 8. f3 Nc6 9. e5 Nh5 10.
Nge2 Qh4+ 11. g3 Nxd4 12. O-O Nxe2+ 13. Nxe2 Qe7 14. g4 fxg4 15. fxg4 Qc5+ 16. Rf2 Qc6 17.
Kf1 Qh1+ 18. Ng1 O-O-O 19. gxh5 Rhf8 20. Qe3 Bg2+ 21. Ke2 1-0

[Event "*** SCC Grand Prix: Titled Tuesday Blitz"]
[Site "Chess.com"]
[Date "2020.07.07"]
[Round "7"]
[White "SCIM"]
[Black "kleopl"]
[Result "1-0"]
[WhiteElo "2546"]
[BlackElo "2405"]
[TimeControl "180+1"]
[EndTime "11:18:09 PDT"]
[Termination "SCIM won by checkmate"]

1. d4 Nf6 2. c4 g6 3. Nc3 d5 4. cxd5 Nxd5 5. e4 Nxc3 6. bxc3 c5 7. Bc4 Bg7 8. Ne2 O-O 9. O-O Nc6 10. Be3 b6 11. dxc5 Qc7 12. Nd4 Na5 13. Nb5 Qe5 14.
Bd5 Rb8 15. c6 Ba6 16. f4 Qh5 17. Qxh5 gxh5 18. Nxa7 Bxf1 19. Rxf1 e6 20. c7 exd5 21. cxb8=Q Rxb8 22. e5 Nc4 23. Bd4 Ra8 24. Nc6 Bf8 25. f5 Rxa2 26. e6 fxe6 27. fxe6 Re2 28. Rf6 Bg7 29.
Ne7+ Kh8 30. Rf8# 1-0

[Event "*** SCC Grand Prix: Titled Tuesday Blitz"]
[Site "Chess.com"]
[Date "2020.07.07"]
[Round "7"]
[White "Grandelicious"]
[Black "Gusarov91"]
[Result "1/2-1/2"]
[WhiteElo "2785"]
[BlackElo "2632"]
[TimeControl "180+1"]
[EndTime "11:18:11 PDT"]
[Termination "Game drawn by agreement"]

1. d4 Nf6 2. c4 g6 3. g3 Bg7 4. Bg2 d5 5. cxd5 Nxd5 6. Nf3 O-O 7. O-O Nb6 8. Nc3 c6 9. h3 Na6 10. e4 Nc7 11. Qc2 Be6 12. Rd1 h6 13. b3 Kh7 14.
Be3 Qc8 15. Kh2 f5 16. Rac1 fxe4 17. Nxe4 Ncd5 18. Re1 Bf5 19. Nh4 Nxe3 20. fxe3 Nd5 21. Nxf5 Rxf5 22. Qe2 Qc7 23. Rf1 Raf8 24. Rxf5 Rxf5 25.
Rf1 e5 26. Rxf5 gxf5 27. Nc5 exd4 28. exd4 f4 29. Qd3+ Kh8 30. Ne6 fxg3+ 31. Qxg3 Qxg3+ 32. Kxg3 Nb4 33. a4 Nc2 34. d5 Be5+ 35. Kf2 cxd5 36. Bxd5 Nd4 37. Nxd4 Bxd4+ 38. Kf3 b6 39. Ke4 Bc3 1/2-1/2

[Event "*** SCC Grand Prix: Titled Tuesday Blitz"]
[Site "Chess.com"]
[Date "2020.07.07"]
[Round "7"]
[White "Twitch_ElhamBlitz05"]
[Black "wild_cat99"]
[Result "1-0"]
[WhiteElo "2806"]
[BlackElo "2598"]
[TimeControl "180+1"]
[EndTime "11:18:11 PDT"]
[Termination "Twitch_ElhamBlitz05 won by resignation"]

1. e4 c5 2. Nf3 d6 3. d4 cxd4 4. Nxd4 Nf6 5. f3 e5 6. Nb3 Be6 7. c4 a5 8. Nc3 Be7 9. Be3 a4 10. Nd2 Qa5 11. Ndb1 Nbd7 12. Be2 O-O 13. O-O Bd8 14.
Na3 Bb6 15. Qd2 Bxe3+ 16. Qxe3 Rfc8 17. Rfd1 Rc6 18. Ncb5 Ne8 19. Rd2 Qb6 20. Qxb6 Nxb6 21. Rc1 Rac8 22. Na7 R8c7 23. Nxc6 Rxc6 24. b3 axb3 25.
axb3 Nd7 26. b4 f5 27. c5 fxe4 28. fxe4 dxc5 29. Bb5 Rc7 30. Bxd7 Rxd7 31. Rxd7 Bxd7 32. Rxc5 Bc6 33. Rxe5 Nf6 34. Nc4 Bxe4 35. Nd6 Bc6 36. b5 Bd5 37. Ne8 Bc4 38. Nxf6+ gxf6 39.
Rc5 Be6 40. Rc7 Bd5 41. b6 h5 42. g3 Be4 43. Kf2 f5 44. Ke3 Bg2 45. Kf4 Be4 46.
h3 Bg2 47. Kxf5 Bxh3+ 48. Kg5 Bg2 49. Kxh5 Kf8 50. Kg5 1-0

[Event "*** SCC Grand Prix: Titled Tuesday Blitz"]
[Site "Chess.com"]
[Date "2020.07.07"]
[Round "7"]
[White "PavelShkapenko"]
[Black "zajka-molotok"]
[Result "1/2-1/2"]
[WhiteElo "2585"]
[BlackElo "2425"]
[TimeControl "180+1"]
[EndTime "11:18:11 PDT"]
[Termination "Game drawn by repetition"]

1. e4 d6 2. d4 Nf6 3. Nc3 c6 4. f4 Qa5 5. Bd3 e5 6. Nf3 Bg4 7. Be3 Nbd7 8. O-O Be7 9. h3 Bh5 10. g4 exf4 11. Bxf4 Bg6 12. Qe2 O-O 13. Be3 d5 14. e5 Ne4 15. Bxe4 dxe4 16. Nd2 c5 17. Nb3 Qd8 18. Rad1 cxd4 19. Bxd4 Re8 20. e6 fxe6 21. Nxe4 Qc7 22. Bf2 Nf6 23. Bg3 Qb6+ 24. Bf2 Qc7 25. Bg3 Qb6+ 26. Bf2 Qc7 1/2-1/2

[Event "*** SCC Grand Prix: Titled Tuesday Blitz"]
[Site "Chess.com"]
[Date "2020.07.07"]
[Round "7"]
[White "Roman_Ovetchkin"]
[Black "colegiodemadrid"]
[Result "1-0"]
[WhiteElo "2568"]
[BlackElo "2411"]
[TimeControl "180+1"]
[EndTime "11:18:11 PDT"]
[Termination "Roman_Ovetchkin won by resignation"]

1. d4 Nf6 2. c4 g6 3. Nc3 Bg7 4. e4 d6 5. Nf3 Bg4 6. Be2 O-O 7.
Be3 Nfd7 8. Rc1 e5 9. d5 a5 10. h3 Bxf3 11. Bxf3 Na6 12. h4 f5 13. h5 Nac5 14.
hxg6 hxg6 15. exf5 gxf5 16. g3 Qf6 17. Rc2 a4 18. Nb5 Rac8 19. Kf1 Rfe8 20. Rh5 e4 21. Be2 Ne5 22. Nd4 f4 23. gxf4 Ned3 24. Bg4 Rcd8 25. Bf5 Rf8 26. Qg4 Qf7 27. Bh7+ Kh8 28. Bg6+ 1-0

[Event "*** SCC Grand Prix: Titled Tuesday Blitz"]
[Site "Chess.com"]
[Date "2020.07.07"]
[Round "7"]
[White "YPradafah"]
[Black "krzyzan94"]
[Result "0-1"]
[WhiteElo "2509"]
[BlackElo "2669"]
[TimeControl "180+1"]
[EndTime "11:18:12 PDT"]
[Termination "krzyzan94 won by resignation"]

1. d4 Nf6 2. Nf3 e6 3. Be3 b6 4. h3 Bb7 5. Nbd2 c5 6. c3 Nc6 7.
dxc5 bxc5 8. g3 Nd5 9. Bf4 Nxf4 10.
gxf4 d5 11. Bg2 Bd6 12. e3 O-O 13. O-O Ba6 14. Re1 Rb8 15. b3 Be7 16. Rc1 Bf6 17.
Qc2 Qa5 18. e4 Rfd8 19. e5 Be7 20. f5 exf5 21. Qxf5 Bc8 22. Qc2 Be6 23. Nf1 d4 24. Ng3 dxc3 25. Qxc3 Qxc3 26. Rxc3 c4 27. bxc4 Bb4 28.
Rec1 Bxc3 29. Rxc3 Rb1+ 30. Kh2 Rb2 31. Ne4 Rxa2 32. Kg3 h5 33. Nd6 Nxe5 34. Nxe5 Rxd6 35. c5 Rd8 36. Nc6 Rdd2 37. Nb4 Rab2 38. Nd3 Rb3 39. Rxb3 Bxb3 40. Ne5 Bd5 0-1

[Event "*** SCC Grand Prix: Titled Tuesday Blitz"]
[Site "Chess.com"]
[Date "2020.07.07"]
[Round "7"]
[White "cukin84"]
[Black "Trickov"]
[Result "0-1"]
[WhiteElo "2179"]
[BlackElo "2330"]
[TimeControl "180+1"]
[EndTime "11:18:13 PDT"]
[Termination "Trickov won by resignation"]

1. e4 c5 2. Nc3 Nc6 3. Bb5 Nd4 4. Bc4 e6 5. Nf3 a6 6. Nxd4 cxd4 7. Ne2 b5 8. Bb3 Qb6 9. O-O Bb7 10. d3 Ne7 11. c3 dxc3 12. bxc3 d5 13. e5 Nc6 14. Be3 Qc7 15. f4 Na5 16. Kh1 Nxb3 17. axb3 Be7 18.
Bd4 g6 19. Qe1 h5 20. Qg3 b4 21. cxb4 Bc6 22. Rfc1 Bxb4 23. f5 gxf5 24. Qg7 Rf8 25. Nf4 Qb7 26. Nxh5 O-O-O 27. Be3 d4 28. Rxc6+ Kb8 29.
Rcxa6 dxe3 30. Ra8+ Qxa8 31. Rxa8+ Kxa8 32. Nf6 e2 0-1

[Event "*** SCC Grand Prix: Titled Tuesday Blitz"]
[Site "Chess.com"]
[Date "2020.07.07"]
[Round "7"]
[White "Volodar_Murzin"]
[Black "ShimanovAlex"]
[Result "0-1"]
[WhiteElo "2684"]
[BlackElo "2884"]
[TimeControl "180+1"]
[EndTime "11:18:14 PDT"]
[Termination "ShimanovAlex won on time"]

1. e4 d5 2. exd5 Qxd5 3. Nc3 Qd6 4. d4 Nf6 5. Nf3 Nc6 6. g3 Bg4 7. Bg2 O-O-O 8. h3 Bh5 9. Be3 e5 10. dxe5 Nxe5 11. Qxd6 Bxd6 12. Nxe5 Bxe5 13. O-O Rhe8 14.
Rfe1 Bg6 15. Rac1 a6 16. Bf3 Bxc3 17. bxc3 Be4 18. Be2 Nd5 19. Bd4 f6 20. Bc4 Bf3 21.
Bb3 b6 22. c4 Nb4 23. Rxe8 Rxe8 24. c5 b5 25. c4 Nc6 26. Be3 b4 27. Ba4 Rd8 28. Kf1 Ne5 29. Bb3 a5 30. Ra1 Bc6 31. Ke2 a4 32. Bc2 Nxc4 33. Bxh7 Ne5 34. Bf5+ Kb7 35. f4 Bb5+ 36. Kf2 Nd3+ 0-1

[Event "*** SCC Grand Prix: Titled Tuesday Blitz"]
[Site "Chess.com"]
[Date "2020.07.07"]
[Round "7"]
[White "francyIM"]
[Black "Karacsonyi_Gellert"]
[Result "1-0"]
[WhiteElo "2609"]
[BlackElo "2467"]
[TimeControl "180+1"]
[EndTime "11:18:14 PDT"]
[Termination "francyIM won by checkmate"]

1. d4 Nf6 2. c4 e6 3. Nc3 Bb4 4. f3 c5 5. d5 b5 6. e4 O-O 7.
Nh3 d6 8. Nf4 Re8 9. dxe6 fxe6 10. Be2 bxc4 11. Bxc4 d5 12. Bb5 Bd7 13. Bxd7 Nbxd7 14. O-O Bxc3 15. bxc3 dxe4 16. fxe4 Nxe4 17. Qe2 Ndf6 18.
Qc4 Qb6 19. Re1 Rad8 20. Ba3 Qc6 21. Re2 g5 22. Nh5 Nxh5 23. Qxe4 Qxe4 24. Rxe4 Rd3 25.
Bxc5 Rxc3 26. Bxa7 Ra8 27. Be3 Rca3 28. Rxe6 Kf7 29.
Re5 Rxa2 30. Rf1+ Kg8 31. Rxg5+ Ng7 32. Bd4 R2a7 33. Bxa7 Rxa7 34. Rb5 h5 35. Rg5 Kh7 36. h4 Kh6 37. Rf6+ Kh7 38. Kh2 Ra4 39. Rf7 Rxh4+ 40.
Kg1 Rc4 41. Rfxg7+ Kh6 42. R5g6# 1-0

[Event "*** SCC Grand Prix: Titled Tuesday Blitz"]
[Site "Chess.com"]
[Date "2020.07.07"]
[Round "7"]
[White "Barmen_EV"]
[Black "InitiatingASC"]
[Result "1-0"]
[WhiteElo "2468"]
[BlackElo "2339"]
[TimeControl "180+1"]
[EndTime "11:18:14 PDT"]
[Termination "Barmen_EV won by checkmate"]

1. Nf3 Nf6 2. c4 e6 3. Nc3 c5 4. g3 b6 5. d4 cxd4 6. Qxd4 Bb7 7. Bg2 Be7 8. O-O O-O 9. Rd1 Qc7 10.
Bf4 Qc8 11. Nb5 Nc6 12. Qd3 Nb4 13. Qb3 d5 14. Nd6 Bxd6 15. Bxd6 Na6 16. Bxf8 dxc4 17. Qb5 Qxf8 18. Qxc4 Rc8 19. Qd4 Nc5 20. Rac1 Bd5 21. b4 Na4 22. Ne5 h6 23. e4 Bxa2 24. Rxc8 Qxc8 25.
Qd8+ Qxd8 26. Rxd8+ Kh7 27. Nxf7 Nc3 28. e5 Nfd5 29.
h4 Kg6 30. Rd7 a5 31. bxa5 bxa5 32. g4 h5 33. f3 a4 34. Bf1 Bb3 35. Bd3+ Ne4 36.
Bxe4# 1-0

[Event "*** SCC Grand Prix: Titled Tuesday Blitz"]
[Site "Chess.com"]
[Date "2020.07.07"]
[Round "7"]
[White "TurboSteen"]
[Black "inegrepus"]
[Result "0-1"]
[WhiteElo "1957"]
[BlackElo "2182"]
[TimeControl "180+1"]
[EndTime "11:18:14 PDT"]
[Termination "inegrepus won on time"]

1. e4 e5 2. Nf3 Nc6 3. Bb5 f5 4.
d3 fxe4 5. dxe4 Nf6 6. O-O Bc5 7. Qd3 d6 8. Qc4 Bd7 9. Nc3 Qe7 10. Nd5 Nxd5 11.
exd5 Nd4 12. Nxd4 Bxd4 13. Be3 Bxe3 14. fxe3 O-O-O 15. Bxd7+ Qxd7 16. Rf2 Rhf8 17. Raf1 Rxf2 18. Rxf2 Qe7 19. Qg4+ Kb8 20. Qe6 Qg5 21. e4 Qc1+ 22. Rf1 Qxc2 23. Qe7 Rc8 24. Rf8 Qb1+ 25. Kf2 Qxb2+ 26.
Kg3 b6 27. Qxg7 Qc3+ 28. Kh4 Qe3 29. Rxc8+ Kxc8 30. Qxh7 Qf4+ 0-1